 Dungeon Crawl Stone Soup version 0.21-a0-352-g5b8f553 (webtiles) character file.

2213 Ordine the Carver (level 9, -4/50 HPs)
             Began as a Tengu Fighter on Oct 11, 2017.
             Was a Believer of Okawaru.
             Slain by a troll (9 damage)
             ... on level 7 of the Dungeon.
             The game lasted 00:21:20 (6110 turns).

Ordine the Carver (Tengu Fighter)                   Turns: 6110, Time: 00:21:20

Health: -4/50      AC:  7    Str: 13    XL:     9   Next: 35%
Magic:  0/13       EV:  9    Int: 11    God:    Okawaru [**....]
Gold:   349        SH: 10    Dex: 13    Spells: 8/8 levels left

rFire    . . .     SeeInvis .   a - +1 long sword
rCold    + + +     Gourm    .   c - +0 shield
rNeg     . . .     Faith    .   t - +1 leather armour of the Stars {+Blink rC+++ Str-5}
rPois    .         Spirit   +   (helmet restricted)
rElec    .         Reflect  .   n - +2 cloak
rCorr    .         Harm     .   (no gloves)
MR       .....                  (boots unavailable)
Stlth    +.........             l - amulet of guardian spirit
HPRegen  0.16/turn              d - +1 ring of slaying
MPRegen  0.13/turn              (no ring)

@: no status effects
A: beak, talons 3, able to fly 1
a: Fly, Heroism, Renounce Religion, Evoke Blink


You were on level 7 of the Dungeon.
You worshipped Okawaru.
Okawaru was pleased with you.
You were near starving.

You visited 2 branches of the dungeon, and saw 8 of its levels.
You also visited: Sewer.

You collected 349 gold pieces.

Inventory:

Hand Weapons
 a - a +1 long sword (weapon)
Armour
 c - a +0 shield (worn)
 n - a +2 cloak (worn)
 t - the +1 leather armour of the Stars (worn) {+Blink rC+++ Str-5}
   (You found it on level 4 of the Dungeon)

   It affects your strength (-5).
   It renders you almost immune to cold.
   It lets you blink.
Jewellery
 d - a +1 ring of slaying (left hand)
 l - an amulet of guardian spirit (around neck)
 r - an uncursed amulet of faith {unknown}
Wands
 s - a wand of iceblast (4/15)
 y - a wand of acid (0/15)
Scrolls
 h - 5 scrolls of remove curse
 k - a scroll of immolation
 p - 4 scrolls of teleportation
 q - a scroll of amnesia
Potions
 b - 4 potions of lignification
 j - 5 potions of flight
 u - a potion of brilliance
 x - a potion of resistance
Books
 m - a book of Conjurations

   Spells                             Type                      Level
   a - Magic Dart                     Conjuration                  1
   b - Searing Ray                    Conjuration                  2
   c - Dazzling Spray                 Conjuration/Hexes            3
   d - Fulminant Prism                Conjuration/Hexes            4
   e - Force Lance                    Conjuration/Translocation    4
   f - Iskenderun's Mystic Blast      Conjuration                  4
 v - a book of Minor Magic

   Spells                             Type                      Level
   a - Magic Dart                     Conjuration                  1
   b - Blink                          Translocation                2
   c - Call Imp                       Summoning                    2
   d - Slow                           Hexes                        2
   e - Conjure Flame                  Conjuration/Fire             3
   f - Mephitic Cloud                 Conjuration/Poison/Air       3
Comestibles
 f - 3 bread rations
 g - 3 royal jellies
 w - a meat ration


   Skills:
 - Level 3.0 Fighting
 * Level 10.0 Long Blades
 - Level 3.2 Armour
 + Level 6.9 Shields
 + Level 4.6 Invocations


You had 8 spell levels left.
You didn't know any spells.

Dungeon Overview and Level Annotations

Branches:
Dungeon (7/15)             Temple (1/1) D:4

Altars:
Ashenzari
Cheibriados
Elyvilon
Fedhas
Gozag
Nemelex Xobeh
Okawaru
Qazlal
Ru
Sif Muna
Trog
Uskayaw
Vehumet
Wu Jian
Xom
Zin

Shops:
D:5 *[???


Innate Abilities, Weirdness & Mutations

You have a beak for a mouth.
You have claws for feet.
You can fly.


Message History

Your magical effects are unravelling.
You feel magically purged.
You feel less wooden.
Your +2 cloak unmelds from your body.
The +1 leather armour of the Stars {+Blink rC+++ Str-5} unmelds from your body.
The troll bites you!
* * * LOW HITPOINT WARNING * * *
You block the troll's attack. x2
Unknown command.
Okay, then.
You don't have enough magic at the moment.
Okay, then.
You block the troll's attack. The troll barely misses you. x2
You fail to use your ability.
The troll bites you but does no damage. The troll claws you but does no damage.
You block the troll's attack.
You blink.
You feel slightly more hungry.
There is a stone staircase leading up here.
You are near starving!
You fail to use your ability.
The troll bites you!
You die...

#.##. #.# #.# #
#. #T###.# #.
######.#...#
#.#.........#.#
#.#)#######.###
#...#.# #.#.#.#
#T#<#.# #@#...#
#.#.### #.#.#
#...# #####


You could see a troll.

Vanquished Creatures
  A troll (D:7)
  Grinder (D:6)
  Duvessa (D:5)
  2 ice beasts
  2 black bears (D:6)
  An ogre (D:5)
  A phantom (D:6)
  A centaur (D:4)
  A big kobold (Sewer)
  3 bullfrogs
  Dowan (D:5)
  2 scorpions
  6 killer bees
  A crimson imp (D:7)
  A jelly (D:6)
  An orc priest (D:7)
  3 worker ants
  A hound skeleton (D:4)
  3 gnolls (D:5)
  6 adders
  2 river rats (Sewer)
  3 shadow imps
  An adder skeleton (D:7)
  3 worms
  2 dart slugs (D:1)
  4 leopard geckos
  5 orcs
  3 giant cockroaches
  5 goblins
  7 hobgoblins
  5 jackals
  12 kobolds
  4 quokkas
  3 ball pythons
  9 bats
  4 frilled lizards
  A jackal skeleton (D:4)
  A leopard gecko zombie (D:6)
  A quokka skeleton (D:4)
  9 rats
123 creatures vanquished.

Notes
Turn   | Place    | Note
-------+----------+-------------------------------------------
     0 | D:1      | Ordine the Tengu Fighter began the quest for the Orb.
     0 | D:1      | Reached XP level 1. HP: 14/14 MP: 2/2
    82 | D:1      | Found a shattered altar of Ashenzari.
    93 | D:1      | Reached XP level 2. HP: 16/19 MP: 3/3
   184 | D:1      | Reached skill level 3 in Long Blades
   446 | D:1      | Reached XP level 3. HP: 23/23 MP: 4/4
   958 | D:2      | Reached skill level 4 in Long Blades
   958 | D:2      | Reached XP level 4. HP: 23/28 MP: 5/5
   998 | D:2      | Found a bloodstained altar of Trog.
  1176 | D:3      | Found a glowing drain.
  1264 | Sewer    | Entered a sewer
  1553 | Sewer    | Noticed a big kobold
  1565 | Sewer    | Killed a big kobold
  1565 | Sewer    | Reached skill level 5 in Long Blades
  1565 | Sewer    | Gained mutation: You can fly. [Tengu growth]
  1565 | Sewer    | Reached XP level 5. HP: 25/32 MP: 6/6
  1710 | Sewer    | Found a white marble altar of Elyvilon.
  2512 | D:4      | Got a translucent chain mail
  2523 | D:4      | Identified the +2 chain mail "Dulo" {-Cast -Tele rN+ Dex+10} (You found it on level 4 of the Dungeon)
  2537 | D:4      | Reached XP level 6. HP: 35/37 MP: 7/7
  2558 | D:4      | Found a staircase to the Ecumenical Temple.
  2568 | Temple   | Entered the Ecumenical Temple
  2652 | Temple   | Became a worshipper of Warmaster Okawaru
  2704 | D:4      | Got a translucent leather armour
  2715 | D:4      | Identified the +1 leather armour of the Stars {+Blink rC+++ Str-5} (You found it on level 4 of the Dungeon)
  2791 | D:4      | Reached skill level 6 in Long Blades
  2845 | D:4      | Reached skill level 1 in Invocations
  3300 | D:5      | Entered Level 5 of the Dungeon
  3303 | D:5      | Found Orasap's Magic Scroll Boutique.
  3348 | D:5      | Found Fyliyffu's Magic Scroll Boutique.
  3387 | D:5      | Noticed Dowan
  3398 | D:5      | Noticed Duvessa
  3414 | D:5      | Killed Duvessa
  3414 | D:5      | Reached XP level 7. HP: 37/41 MP: 2/9
  3421 | D:5      | Killed Dowan
  3552 | D:5      | Found Oggaut's General Store.
  3579 | D:5      | Found Axaiss's Antique Armour Boutique.
  3616 | D:5      | Reached skill level 5 in Shields
  3642 | D:5      | Reached skill level 7 in Long Blades
  3810 | D:5      | Found Wozoguge's Magic Scroll Boutique.
  3893 | D:5      | Reached * piety under Okawaru
  4266 | D:6      | Noticed Grinder
  4271 | D:6      | Paralysed by Grinder for 5 turns
  4277 | D:6      | Killed Grinder
  4277 | D:6      | Reached XP level 8. HP: 30/46 MP: 3/11
  4375 | D:6      | Reached skill level 8 in Long Blades
  4508 | D:6      | Reached ** piety under Okawaru
  4847 | D:6      | HP: 1/46 [killer bee (9)]
  5091 | D:6      | Reached skill level 9 in Long Blades
  5299 | D:7      | Reached XP level 9. HP: 33/50 MP: 9/13
  6044 | D:7      | Noticed a troll
  6044 | D:7      | Noticed a troll
  6045 | D:7      | Found the +7 Singing Sword
  6082 | D:7      | Killed a troll
  6082 | D:7      | Reached skill level 10 in Long Blades
  6085 | D:7      | HP: 1/50 [troll (9)]
  6110 | D:7      | Slain by a troll

Vault maps used:
D:1:      minmay_arrival_jagged, evilmike_ruin_ashenzari
D:2:      first_bread, trog_book
D:3:      cheibrodos_sewer_entry_drain, kennysheep_pointless_box
D:4:      minmay_temple_entry_junction
D:5:      serial_shops, shop, nicolae_shop_crystal, nicolae_shop_stone,
          nicolae_shop_window_shopping, shop_fountains, uniq_duvessa
D:6:      uniq_grinder
D:7:      minmay_the_grid_octo_2x2, makhleb_grotto_becter
Temple:   lightli_temple_of_artemis
Sewer:    sewer_kobolds

Skill      XL: |  1  2  3  4  5  6  7  8  9 |
---------------+----------------------------+-----
Long Blades    | 3 4 5 6 7 9 10 | 10.0
Shields        | 4 5 6 |  6.9
Invocations    | 1 2 4 |  4.6
Fighting       | |  3.0
Armour         | |  3.2

Action                   |  1- 3 |  4- 6 |  7- 9 || total
-------------------------+-------+-------+-------++-------
Melee: Long sword        |    74 |   140 |   193 ||   407
       Kick              |    23 |    37 |    55 ||   115
       Peck              |     9 |    12 |    36 ||    57
 Abil: Fly               |       |     2 |     4 ||     6
       Evoke Blink       |       |       |     1 ||     1
Evoke: Wand              |       |       |     4 ||     4
  Use: Scroll            |     8 |     3 |     7 ||    18
       Potion            |       |     2 |    11 ||    13
 Stab: Sleeping          |       |       |     1 ||     1
  Eat: Chunk             |       |     8 |     4 ||    12
       Bread ration      |       |       |     1 ||     1
Armor: Scale mail        |     9 |       |       ||     9
       Ring mail         |    18 |    22 |       ||    40
       Skin              |       |     6 |    38 ||    44
       Leather armour    |       |    14 |    64 ||    78
Dodge: Dodged            |    20 |    53 |    92 ||   165
Block: Shield            |    39 |    73 |   127 ||   239
       Rpst.: Long sword |     6 |    13 |    25 ||    44

Table legend:
 A = Spawn XP
 B = Non-spawn XP
 C = Spawn XP percentage of total XP
 D = Spawn monster count
 E = Non-spawn monster count
 F = Spawn count percentage of total count
 G = Total turns spent on level
                    A         B        C        D         E        F      G
               +---------+---------+-------+---------+---------+-------+---------
         Total |       0 |    3162 |   0.0 |       0 |     123 |   0.0 |  6110
               +---------+---------+-------+---------+---------+-------+---------
           D:1 |       0 |      36 |   0.0 |       0 |      21 |   0.0 |   634
           D:2 |       0 |      49 |   0.0 |       0 |      20 |   0.0 |   474
           D:3 |       0 |      65 |   0.0 |       0 |      16 |   0.0 |   841
           D:4 |       0 |     213 |   0.0 |       0 |      15 |   0.0 |   732
           D:5 |       0 |     462 |   0.0 |       0 |       8 |   0.0 |   905
           D:6 |       0 |    1377 |   0.0 |       0 |      18 |   0.0 |  1522
           D:7 |       0 |     817 |   0.0 |       0 |      13 |   0.0 |   383
         Sewer |       0 |     143 |   0.0 |       0 |      12 |   0.0 |   509
               +---------+---------+-------+---------+---------+-------+---------
